 Dungeon Crawl Stone Soup version 0.15-a0-23-gfd8676b (webtiles) character file.

338 4tharraofdagon the Cudgeler (level 6, 1/61 HPs)
             Began as a Troll Berserker on Mar 31, 2014.
             Was a Follower of Trog.
             Quit the game on Level 6 of the Dungeon.
             The game lasted 00:03:04 (541 turns).

4tharraofdagon the Cudgeler (Troll Berserker)        Turns: 541, Time: 00:03:04

HP   1/61        AC  5     Str 27      XL: 6   Next: 24%
MP   3/3         EV  9     Int  4      God: Trog [*.....]
Gold 12          SH  0     Dex  9      Spells:  0 memorised,  5 levels left

rFire  . . .     SeeInvis .     a - +0 mace
rCold  . . .     Clarity  .     b - +0 animal skin
rNeg   . . .     Conserve .     (shield restricted)
rPois  .         rCorr    .     (helmet restricted)
rElec  .         rRot     .     (no cloak)
SustAb . .       Spirit   .     (gloves unavailable)
rMut   .         Warding  .     (boots unavailable)
Gourm  +         Stasis   .     (no amulet)
MR     .....                    (no ring)
                                (no ring)

@: heavily drained, not resistant to hostile enchantments, very unstealthy
A: unfitting armour, claws 3, fast metabolism 3, gourmand, regeneration 2,
saprovore 2, shaggy fur 1, tough skin 2
a: Burn Spellbooks, Berserk, Renounce Religion


You were on level 6 of the Dungeon.
You worshipped Trog.
Trog was aware of your devotion.
You were full.

You visited 1 branch of the dungeon, and saw 6 of its levels.

You collected 12 gold pieces.

Inventory:

Hand weapons
 a - a +0,+0 mace (weapon)
Armour
 b - a +0 animal skin (worn)
Comestibles
 c - 3 meat rations
 h - a bread ration
 m - a cheese
Scrolls
 d - a scroll of amnesia {unknown}
 e - a scroll of recharging {unknown}
 f - a scroll of teleportation
 g - 2 scrolls of remove curse {unknown}
 i - 3 scrolls of identify {unknown}
 j - a scroll of random uselessness {unknown}
 n - 2 scrolls of enchant weapon II {unknown}


   Skills:
 + Level 3.5(1.9) Fighting
 * Level 4.9(3.2) Maces & Flails
 + Level 2.3(0.8) Armour
 - Level 2.6(1.0) Dodging


You had 5 spell levels left.
You didn't know any spells.

Dungeon Overview and Level Annotations

Branches:
Dungeon (6/15)
 Temple: D:4-7

Altars:


Innate Abilities, Weirdness & Mutations

You are too large for most types of armour.
You have claws for hands.
Your metabolism is lightning-fast.
You like to eat raw meat.
You heal very quickly.
You can eat rotten meat.
You are covered in fur (AC +1).
You have very tough skin (AC +2).


Message History

The orc is moderately wounded.
The orc hits you but does no damage. The orc hits you with a dagger.
* * * LOW HITPOINT WARNING * * *
The orc closely misses you. The orc hits you but does no damage.
The orc hits you with a dagger.
* * * LOW HITPOINT WARNING * * *
Unknown command.
You hit the orc but do no damage.
The orc is moderately wounded.
You feel yourself speed up. The orc hits you with a dagger.
* * * LOW HITPOINT WARNING * * *
The orc hits you with a dagger.
* * * LOW HITPOINT WARNING * * *
The orc hits you with a flail!
* * * LOW HITPOINT WARNING * * *
The orc closely misses you. The orc hits you but does no damage.
The orc hits you but does no damage.
Unknown command.
Are you sure you want to abandon this character and quit the game? (Confirm with "yes".)

.....
.....
...# ...#
#..# #..#
######..#
#....$..#
#.....o@#
#.....oo#
#.......#
#.......#
#.......#
#.......#
#.......#
.......#
......#


You could see 3 orcs.

Vanquished Creatures
  An ice beast (D:6)
  A centaur (D:5)
  An iguana (D:6)
  A hound (D:5)
  2 worker ants (D:5)
  Natasha (D:6)
  An adder (D:6)
  A worm (D:4)
  2 orcs
  A ball python (D:5)
  4 bats
  2 giant cockroaches
  2 hobgoblins (D:3)
  2 goblins (D:3)
  A goblin zombie (D:3)
  A kobold (D:5)
  A rat (D:5)
25 creatures vanquished.

Vanquished Creatures (others)
  An orc (D:6)
1 creature vanquished.

Grand Total: 26 creatures vanquished

Notes
Turn   | Place    | Note
--------------------------------------------------------------
     0 | D:1      | 4tharraofdagon, the Troll Berserker, began the quest for the Orb.
     0 | D:1      | Reached XP level 1. HP: 22/22 MP: 1/1
   223 | D:3      | Reached XP level 2. HP: 25/29 MP: 1/1
   263 | D:4      | Reached skill level 3 in Maces & Flails
   306 | D:5      | Entered Level 5 of the Dungeon
   352 | D:5      | Reached skill level 1 in Armour
   352 | D:5      | Reached XP level 3. HP: 25/36 MP: 2/2
   393 | D:5      | Noticed a centaur
   411 | D:5      | Killed a centaur
   411 | D:5      | Reached skill level 4 in Maces & Flails
   411 | D:5      | Reached XP level 4. HP: 45/45 MP: 2/2
   411 | D:5      | Reached XP level 5. HP: 53/53 MP: 2/2
   488 | D:6      | Noticed Natasha
   488 | D:6      | Noticed an ice beast
   490 | D:6      | Killed Natasha
   496 | D:6      | Acquired Trog's second power
   502 | D:6      | Killed an ice beast
   502 | D:6      | Reached XP level 6. HP: 61/61 MP: 3/3
   523 | D:6      | Noticed a hippogriff
   526 | D:6      | gessus
   540 | D:6      | HP: 1/61 [orc/flail (8)]
   541 | D:6      | Quit the game

Action                   |  1- 3 |  4- 6 || total
-------------------------+-------+-------++-------
Melee: Mace              |    67 |    32 ||    99
Invok: Berserk           |     2 |     1 ||     3
       Trog's Hand       |       |     1 ||     1
  Use: Potion            |     1 |     2 ||     3
       Scroll            |       |     1 ||     1
